 Dungeon Crawl Stone Soup version 0.30.2 (webtiles) character file.

Game seed: 6181368409023130437

1340 porpoise the Spear-Bearer (level 8, -7/65 HPs)
             Began as a Merfolk Gladiator on Jan 25, 2024.
             Mangled by a wight
             ... wielding a +3 morningstar
              (15 damage)
             ... on level 7 of the Dungeon.
             The game lasted 00:15:09 (4423 turns).

porpoise the Spear-Bearer (Merfolk Gladiator)       Turns: 4423, Time: 00:15:09

Health: -7/65      AC:  7    Str: 14    XL:     8   Next: 62%
Magic:  8/8        EV: 12    Int:  8    God:
Gold:   1249       SH:  0    Dex: 17    Spells: 7/7 levels left

rFire   . . .        a - +0 trident
rCold   . . .        (no shield)
rNeg    . . .        k - +0 ring mail
rPois   +            c - +0 helmet
rElec   .            w - +0 cloak
rCorr   .            (no gloves)
SInv    .            (no boots)
Will    .....        (no amulet)
Stlth   +            q - ring of poison resistance
HPRegen 0.30/turn    (no ring)
MPRegen 0.11/turn

%: no passive effects
@: mighty
A: (nimble swimmer 2), mertail
a: no special abilities


You were on level 7 of the Dungeon.
You visited 1 branch of the dungeon, and saw 7 of its levels.
You also visited: Ossuary.

You collected 1249 gold pieces.

Inventory:

Hand Weapons
 a - a +0 trident (weapon)
 b - a +0 sling
 B - a +2 war axe of distortion
Missiles
 e - 7 javelins (quivered)
 i - 2 boomerangs
 x - 2 poisoned darts
 A - 5 datura-tipped darts
Armour
 c - a +0 helmet (worn)
 k - a +0 ring mail (worn)
 w - a +0 cloak (worn)
Jewellery
 f - a ring of ice
 q - a ring of poison resistance (left hand)
 t - a +4 ring of protection
 v - a +6 ring of intelligence
 y - a ring of fire
Wands
 u - a wand of digging (7)
 C - a wand of charming (6)
Scrolls
 g - a scroll of noise
 m - 3 scrolls of teleportation
 r - 3 scrolls of fear
Potions
 j - 2 potions of magic
 l - 2 potions of lignification
 n - 2 potions of curing
 o - 2 potions of brilliance {unknown}
 p - a potion of attraction {unknown}
 E - a potion of resistance {unknown}


   Skills:
 + Level 6.8 Fighting
 * Level 11.6 Polearms
 - Level 2.0 Throwing
 - Level 4.0 Dodging


You had 7 spell levels left.
You didn't know any spells.
Your spell library contained the following spells:

 Spells                   Type           Power      Damage    Failure   Level
 Slow                     Hex            0%         N/A       65%         1
 Cigotuvi's Dreadful Rot  Necr/Pois/Air  0%         N/A       80%         2
 Confusing Touch          Hex            0%         N/A       95%         3
 Frozen Ramparts          Ice            0%         1d1       95%         3
 Ignite Poison            Fire/Tmut/Pois 0%         N/A       95%         3
 Vampiric Draining        Necr           0%         2d6       95%         3
 Ice Form                 Ice/Tmut       0%         N/A       100%        4
 Summon Ice Beast         Ice/Summ       0%         N/A       100%        4
 Freezing Cloud           Conj/Ice/Air   0%         6-21      100%        5


Dungeon Overview and Level Annotations

Branches:
Dungeon (7/15)             Temple (0/1) D:7         Ossuary (visited)

Altars:


Innate Abilities, Weirdness & Mutations

((You are very nimble when in or above water. (Stealth+, EV+, Speed+++)))
Your lower body shifts to a powerful aquatic tail in water.


Message History

Your Polearms skill increases to level 11! 2 wights and a shadow come into view.
A wight is wielding a +3 morningstar and wearing a +0 robe of willpower.
Things that are here:
a +0 trident; a +0 robe The wight barely misses you.
You barely miss the wight. You hit the wight.
The wight is moderately damaged.
The wight misses you. The wight barely misses you.
You puncture the wight!
The wight is almost destroyed.
The shadow slips into darkness.
The shadow flickers and vanishes!
Deactivating autopickup; reactivate with Ctrl-A.
The wight closely misses you. The wight barely misses you.
You closely miss the wight.
The wight is almost destroyed.
The wight closely misses you. The wight completely misses you.
You puncture the wight!
You destroy the wight!
The shadow strikes at you from the darkness!
* * * LOW HITPOINT WARNING * * *
Reactivating autopickup.
The wight barely misses you.
You puncture the shadow!
The shadow is moderately damaged.
The shadow barely misses you.
You puncture the shadow!
The shadow is severely damaged.
The wight hits you but does no damage.
You puncture the shadow!
You destroy the shadow!
The wight barely misses you.
A wight comes into view. It is wielding a +3 great sword.
Your life force feels restored.
You closely miss the wight.
It was a potion of curing.
You feel better.
The wight hits you with a +3 morningstar!
You die...

* *,* *,**,,,,,,,, *
###,* *,******,,,, *
#..,* *,* *,*** #####
#.#** *,* *>,,, #...#
#.# *,* *****
....############.# *,*
*****
#........[..,....#####,*
*,,,,
##.#.#####**###..z...#,*
*,*** .........#
#.).@)...#,******,* *
##.#.###.#
#)#####z.#,*,,,,,,* *
#.#.#
#.####.#****,,#,*,******
* #.#>#
#......#,,,*,,,,*,* *
#.#.#
######.#,,,*,,***,* *
##.#.# #.#,,,*,,*
*,******** ...#.#
#..,,,,,,* *,**,,,,,*
####.# ####,***,*
*,**,***,* ####.#*****
*,* *,* *,,,,,,,,,


You could see 2 wights.

Vanquished Creatures
  A hornet (D:7)
  A shadow (D:7)
  A wraith (Ossuary)
  A water moccasin (D:6)
  2 phantoms
  A centaur (D:5)
  3 wights (D:7)
  2 hounds
  2 iguanas
  A mummy (Ossuary)
  6 gnolls
  7 adders
  An ufetubus (D:4)
  4 worms
  3 dart slugs
  3 orcs
  8 ball pythons
  4 endoplasms
  4 giant cockroaches
  7 goblins
  7 hobgoblins
  5 jackals (D:2)
  2 quokkas
  5 bats (D:1)
  10 frilled lizards
  9 gnoll skeletons (Ossuary)
  8 kobolds
  7 kobold skeletons (Ossuary)
  9 orc skeletons (Ossuary)
  7 rats
131 creatures vanquished.

Notes
Turn   | Place    | Note
-------+----------+-------------------------------------------
     0 | D:1      | porpoise the Merfolk Gladiator began the quest for the Orb.
     0 | D:1      | Reached XP level 1. HP: 16/16 MP: 1/1
    59 | D:1      | Reached XP level 2. HP: 19/23 MP: 2/2
   211 | D:1      | Reached skill level 5 in Polearms
   228 | D:1      | Found a faded altar of an unknown god.
   236 | D:1      | Reached XP level 3. HP: 28/28 MP: 3/3
   999 | D:2      | Reached XP level 4. HP: 32/35 MP: 4/4
  1114 | D:2      | Reached skill level 6 in Polearms
  1433 | D:2      | Reached XP level 5. HP: 42/42 MP: 5/5
  2611 | D:4      | Reached skill level 7 in Polearms
  2829 | D:4      | Reached XP level 6. HP: 40/48 MP: 6/6
  3255 | D:4      | Reached skill level 8 in Polearms
  3310 | D:5      | Entered Level 5 of the Dungeon
  3518 | D:5      | Reached XP level 7. HP: 41/55 MP: 7/7
  3528 | D:5      | Reached skill level 5 in Fighting
  3677 | D:5      | Reached skill level 9 in Polearms
  3760 | D:5      | You fall into a shaft and drop 1 floor!
  3876 | D:7      | Noticed a hornet
  3884 | D:7      | Paralysed by a hornet for 2 turns
  3891 | D:7      | Killed a hornet
  3892 | D:7      | Reached skill level 10 in Polearms
  3892 | D:7      | Reached XP level 8. HP: 25/64 MP: 8/8
  3931 | D:7      | Found a sand-covered staircase.
  4048 | Ossuary  | Entered an ossuary
  4048 | Ossuary  | Noticed a wraith
  4048 | Ossuary  | Noticed a wraith
  4048 | Ossuary  | Noticed a wraith
  4261 | Ossuary  | Noticed a wraith
  4299 | Ossuary  | Killed a wraith
  4325 | Ossuary  | Identified a scroll of acquirement
  4325 | Ossuary  | Acquired 1078 gold pieces
  4411 | D:7      | Reached skill level 11 in Polearms
  4411 | D:7      | Noticed a shadow
  4418 | D:7      | HP: 1/62 [something (27)]
  4421 | D:7      | Killed a shadow
  4423 | D:7      | Mangled by a wight

Illustrated notes

Levels and vault maps discovered:
D:1:      sevenhm_arrival_forest_fort_large_2, layout_basic,
          shapermc_ecumenical_altar_mp_highgroup, minmay_crystal_room
D:2:      layout_basic, minmay_split_cup_small
D:3:      layout_rooms
D:4:      layout_basic, minmay_lizard_king
D:5:      layout_loops_ring, hangedman_decor_lopped, uniq_edmund
D:6:      layout_basic, serial_curves, eino_curves_04, eino_curves_02,
          eino_curves_01, uniq_eustachio
D:7:      layout_loops_ring, temple_pool_b, enter_ossuary_2, minivault_27

Skill      XL: |  1  2  3  4  5  6  7  8 |
---------------+-------------------------+-----
Polearms       | 5 6 7 8 10 11 | 11.6
Fighting       | 3 4 5 6 |  6.8
Throwing       | |  2.0
Dodging        | |  4.0

Action                     |  1- 3 |  4- 6 |  7- 9 || total
---------------------------+-------+-------+-------++-------
  Melee: Trident           |    96 |   261 |   134 ||   491
         Punch             |     3 |     1 |     4 ||     8
   Fire: Sling             |    12 |    29 |    41 ||    82
  Throw: Throwing net      |       |       |     3 ||     3
    Use: Scroll            |       |     5 |     6 ||    11
         Potion            |       |       |     6 ||     6
   Stab: Distracted        |       |     1 |       ||     1
 Armour: Leather armour    |    12 |       |       ||    12
         Ring mail         |    17 |    58 |    26 ||   101
  Dodge: Dodged            |    51 |   130 |    72 ||   253
